 Dungeon Crawl Stone Soup version 0.26-a0-30-g56b8cd3df0 (webtiles) character file.

Game seed: 190584494423318402, levelgen mode: deterministic

2362 tilp the Cudgeler (level 9, 0/69 HPs)
             Began as a Demigod Venom Mage on May 28, 2020.
             Killed from afar by Maggie (21 damage)
             ... with a bolt of fire
             ... on level 6 of the Dungeon.
             The game lasted 00:28:47 (7557 turns).

tilp the Cudgeler (Demigod Venom Mage)              Turns: 7557, Time: 00:28:48

Health: 0/69       AC: 11    Str: 11    XL:     9   Next: 1%
Magic:  18/18      EV: 12    Int: 25    God:
Gold:   167        SH:  0    Dex: 19    Spells: 3/16 levels left

rFire    . . .     SeeInvis .   b - +2 flail (holy)
rCold    . . .     Gourm    .   (no shield)
rNeg     . . .     Faith    .   z - +4 ring mail "Ybeog" {rElec Dex+3}
rPois    .         Spirit   .   i - +0 helmet
rElec    +         Reflect  .   F - +0 cloak
rCorr    .         Harm     .   (no gloves)
MR       .....                  (no boots)
Stlth    ++........             t - amulet of magic regeneration
HPRegen  0.21/turn              (no ring)
MPRegen  0.41/turn              (no ring)

@: lethally poisoned (0 -> 0), about to teleport, berserk cooldown, mesmerised
A: high mp 1
a: no special abilities


You were on level 6 of the Dungeon.
You were very hungry.

You visited 1 branch of the dungeon, and saw 6 of its levels.
You also visited: Sewer.

You collected 338 gold pieces.
You spent 171 gold pieces at shops.

Inventory:

Hand Weapons
 a - a +1 dagger of electrocution
 b - a +2 flail of holy wrath (weapon)
 w - a +1 morningstar
Missiles
 e - 5 silver javelins
 m - a throwing net
 p - 17 boomerangs (quivered)
 v - 2 poisoned darts
Armour
 h - a +0 chain mail
 i - a +0 helmet (worn)
 k - a +0 kite shield
 s - a +0 leather armour of poison resistance
 u - a +1 hat
 z - the +4 ring mail "Ybeog" (worn) {rElec Dex+3}
   (You bought it in a shop on level 5 of the Dungeon)

   It affects your dexterity (+3).
   It insulates you from electricity.
 F - a +0 cloak (worn)
 I - a +2 robe of fire resistance
Jewellery
 t - an amulet of magic regeneration (around neck)
Scrolls
 f - 3 scrolls of enchant weapon
 l - a scroll of enchant armour {unknown}
 n - a scroll of fog
 x - a scroll of remove curse {unknown}
 B - a scroll of amnesia {unknown}
 H - a scroll of immolation {unknown}
Potions
 j - 2 potions of flight {unknown}
 q - 3 potions of curing {unknown}
 r - a potion of mutation {unknown}
 y - 2 potions of magic
 A - a potion of haste {unknown}
 C - 3 potions of heal wounds
 D - 2 potions of cancellation {unknown}
 E - 2 potions of brilliance {unknown}
 G - a potion of might {unknown}
Comestibles
 c - 10 rations


   Skills:
 - Level 3.0 Fighting
 + Level 7.4 Maces & Flails
 - Level 3.0 Dodging
 - Level 4.0 Stealth
 - Level 4.0 Spellcasting
 - Level 0.8 Transmutations
 - Level 6.0 Poison Magic


You had 3 spell levels left.
You knew the following spells:

 Your Spells              Type           Power        Failure   Level  Hunger
a - Sting                 Tmut/Pois      ###.         5%          1    None
b - Poisonous Vapours     Pois/Air       ###...       10%         2    None
c - Ignite Poison         Fire/Tmut/Pois ###.....     26%         3    ##.....
d - Mephitic Cloud        Conj/Pois/Air  ###.....     28%         3    ##.....
e - Olgreb's Toxic Radia  Pois           #####...     19%         4    ####...

Your spell library contained the following spells:

 Spells                   Type           Power        Failure   Level  Hunger


Dungeon Overview and Level Annotations

Branches:
Dungeon (6/15)             Temple (0/1) D:4           Sewer (visited)

Shops:
D:5 [

Annotations:
D:6 Maggie


Innate Abilities, Weirdness & Mutations

You have an increased reservoir of magic. (+10% MP)


Message History

As you read the scroll labeled FASMISAUP MEUNLE, it crumbles to dust.
You feel strangely unstable.
It was a scroll of teleportation.
The scorpion misses you. The gnoll closely misses you.
Maggie hits you with a +0 vorpal war axe!
* * * LOW HITPOINT WARNING * * *
x2 You feel much better.
The scorpion barely misses you. The gnoll hits you but does no damage.
Maggie hits you but does no damage.
You hit the scorpion.
The scorpion is lightly wounded.
You feel sick.
The scorpion stings you but does no damage.
The gnoll misses you.
Maggie hits you with a +0 vorpal war axe.
* * * LOW HITPOINT WARNING * * *
x2 You hit the scorpion.
The scorpion is moderately wounded.
The scorpion barely misses you. The gnoll barely misses you.
Maggie points at you and mumbles some strange words.
The bolt of fire hits you!!
You die...

*#...#####..,,,..#*,*,,,,,*,*#.#.
,..g...g....,,,..#*,*,,,,,#.##...
,,,..g..Z..#***#.#*,,,,,,,#......
,,,......g.# #.##**,,,,,######.
*,,,,*,**#@# #..# *,,,,,* #.
*,,,,*,* #.# #..# ******* #.
#....#.* #.#####..# #. .>.....#
#.†..Z@..##############. .....#.#
#####gs@....##.......... .......#
#.##.#..##.##.##.### .....#.#
#.##..........##.#
..#.##.#######.##.....#.#####.#
..#.##.#.......###...##.#***#.#
.......#.###.#.....(.##..,,,..#
.......#.##...############**###
.##.##....#≈≈≈# .....###.##≈≈≈#


You could see Maggie (mesmerising), a scorpion, a gnoll and a bullfrog zombie.

Vanquished Creatures
  Pikel (D:6)
  A moth of wrath (D:2)
  Sigmund (D:2)
  A slave (D:6)
  A black bear (D:6)
  3 ogres (D:5)
  A big kobold (Sewer)
  A water moccasin zombie (D:5)
  A howler monkey (D:5)
  A bullfrog zombie (D:5)
  2 crimson imps (D:5)
  A centaur zombie (D:5)
  2 orc priests
  2 bullfrog skeletons (D:5)
  A centaur skeleton (D:4)
  2 orc wizards
  3 iguanas
  3 worker ants
  A hound skeleton (D:6)
  Robin (D:2)
  3 gnolls (D:4)
  11 adders
  8 river rats (Sewer)
  A shadow imp (D:5)
  3 oozes
  An adder zombie (D:5)
  An adder skeleton (D:6)
  6 worms
  7 leopard geckos
  16 orcs
  7 bats
  4 giant cockroaches
  19 goblins
  10 hobgoblins
  3 jackals (D:2)
  21 kobolds
  4 quokkas
  5 ball pythons
  6 frilled lizards
  A jackal zombie (D:5)
  A leopard gecko skeleton (D:5)
  26 rats
194 creatures vanquished.

Vanquished Creatures (others)
  A slave (D:6)
  An adder (D:6)
  A gnoll (D:6)
3 creatures vanquished.

Grand Total: 197 creatures vanquished

Notes
Turn   | Place    | Note
-------+----------+-------------------------------------------
     0 | D:1      | tilp the Demigod Venom Mage began the quest for the Orb.
     0 | D:1      | Reached XP level 1. HP: 14/14 MP: 5/5
   196 | D:1      | Reached XP level 2. HP: 18/20 MP: 5/7
   200 | D:1      | Learned a level 2 spell: Poisonous Vapours
   927 | D:2      | Noticed Robin
   932 | D:2      | Killed Robin
   932 | D:2      | Reached XP level 3. HP: 26/26 MP: 1/8
  1164 | D:2      | Learned a level 3 spell: Ignite Poison
  1171 | D:2      | Found a glowing silver altar of Zin.
  1572 | D:2      | Noticed Sigmund
  1625 | D:2      | Noticed a moth of wrath
  1627 | D:2      | Found a bloodstained altar of Trog.
  1742 | D:2      | Killed a moth of wrath
  1742 | D:2      | Reached XP level 4. HP: 38/38 MP: 0/9
  1742 | D:2      | Reached XP level 5. HP: 45/45 MP: 0/10
  1742 | D:2      | Reached XP level 6. HP: 51/51 MP: 0/11
  1948 | D:2      | Learned a level 3 spell: Mephitic Cloud
  2114 | D:2      | Found a shimmering blue altar of Sif Muna.
  3117 | D:3      | Reached skill level 5 in Poison Magic
  3689 | D:4      | Found a staircase to the Ecumenical Temple.
  3750 | D:4      | Reached XP level 7. HP: 57/57 MP: 8/13
  4868 | D:2      | Killed Sigmund
  4990 | D:5      | Entered Level 5 of the Dungeon
  5242 | D:5      | Reached skill level 1 in Maces & Flails
  5399 | D:5      | Reached skill level 2 in Maces & Flails
  5575 | D:5      | Reached XP level 8. HP: 55/63 MP: 17/17
  5663 | D:5      | Reached skill level 3 in Maces & Flails
  5672 | D:5      | Found a shadowy altar of Dithmenos.
  5705 | D:5      | Found Xeadeh's Antique Armour Shoppe.
  5840 | D:5      | Bought a translucent ring mail for 171 gold pieces
  5881 | D:5      | Reached skill level 4 in Maces & Flails
  6287 | D:5      | Identified the +4 ring mail "Ybeog" {rElec Dex+3} (You
                  | bought it in a shop on level 5 of the Dungeon)
  6303 | D:5      | Learned a level 4 spell: Olgreb's Toxic Radiance
  6454 | D:5      | Reached skill level 5 in Maces & Flails
  6511 | D:6      | Found a glowing drain.
  6550 | Sewer    | Entered a sewer
  6794 | Sewer    | Reached skill level 6 in Maces & Flails
  7421 | D:6      | Noticed Pikel
  7428 | D:6      | Killed Pikel
  7428 | D:6      | Reached skill level 7 in Maces & Flails
  7428 | D:6      | Reached XP level 9. HP: 66/69 MP: 10/18
  7449 | D:6      | Noticed Maggie
  7557 | D:6      | Killed from afar by Maggie

Illustrated notes

Levels and vault maps discovered:
D:1:      sevenhm_arrival_forest_fort_small_3, layout_rooms
D:2:      layout_basic, tgw_trog, lemuel_round_altar, lemuel_doored_altar,
          first_ration, minmay_pentomino_p2, uniq_sigmund, uniq_robin
D:3:      layout_basic
D:4:      layout_basic, minmay_temple_entry_mini_moons, serial_bayou_lagoon_a
D:5:      layout_basic, kennysheep_mini, serial_shops, shop, serial_undead,
          serial_undead_e, serial_undead_f, serial_undead_c, serial_undead_d,
          nrook_pool_corridor, supply_closet_lemuel, kennysheep_generic_room_5
D:6:      layout_loops_cross, grunt_temple_overflow_opulence,
          portal_sewer_entry_f, uniq_pikel, uniq_maggie

Skill      XL: |  1  2  3  4  5  6  7  8 |
---------------+-------------------------+-----
Poison Magic   | 3 4 5 6 |  6.0
Spellcasting   | 2 4 |  4.0
Dodging        | 3 |  3.0
Stealth        | 4 |  4.0
Fighting       | 3 |  3.0
Maces & Flails | 2 7 |  7.4
Transmutations | |  0.8

Action                   |  1- 3 |  4- 6 |  7- 9 || total
-------------------------+-------+-------+-------++-------
Melee: Dagger            |    57 |   105 |    65 ||   227
       Flail             |       |       |   216 ||   216
Throw: Boomerang         |       |       |     1 ||     1
 Cast: Sting             |    35 |     7 |    30 ||    72
       Poisonous Vapours |    18 |    15 |    47 ||    80
       Ignite Poison     |       |       |     5 ||     5
  Use: Scroll            |       |     2 |     8 ||    10
       Potion            |       |       |     5 ||     5
 Stab: Sleeping          |     2 |     8 |     4 ||    14
  Eat: Chunk             |     4 |     8 |     9 ||    21
       Ration            |       |       |     1 ||     1
Armor: Robe              |     9 |       |       ||     9
       Leather armour    |     3 |    18 |    17 ||    38
       Ring mail         |       |       |   113 ||   113
Dodge: Dodged            |    42 |    68 |   199 ||   309

Table legend:
 A = Non-vault XP
 B = Vault XP
 C = Vault XP percentage of total XP
 D = Non-vault monster count
 E = Vault monster count
 F = Vault count percentage of total count
                 A         B        C        D         E       F
            +---------+---------+-------+---------+---------+-------
      Total |    1530 |    1845 |  54.7 |     116 |      77 |  39.9
            +---------+---------+-------+---------+---------+-------
        D:1 |      29 |       0 |   0.0 |      17 |       0 |   0.0
        D:2 |      48 |     781 |  94.2 |      23 |      19 |  45.2
        D:3 |     163 |       0 |   0.0 |      31 |       0 |   0.0
        D:4 |     223 |       0 |   0.0 |      15 |       0 |   0.0
        D:5 |     921 |     128 |  12.2 |      26 |       4 |  13.3
        D:6 |     146 |     631 |  81.2 |       4 |       6 |  60.0
      Sewer |       0 |     305 | 100.0 |       0 |      48 | 100.0
            +---------+---------+-------+---------+---------+-------
